 Dungeon Crawl Stone Soup version 0.24.0-28-g17ded55e90 (webtiles) character file.

Game seed: 2423269094900421444, levelgen mode: deterministic

594 Arum the Ducker (level 7, -2/44 HPs)
             Began as a Tengu Gladiator on Nov 11, 2019.
             Was a Priest of Ru.
             Slain by Pikel
             ... wielding a +1 whip of electrocution
              (5 damage)
             ... on level 5 of the Dungeon.
             The game lasted 00:06:17 (4124 turns).

Arum the Ducker (Tengu Gladiator)                   Turns: 4124, Time: 00:06:18

Health: -2/44      AC:  5    Str: 14    XL:     7   Next: 39%
Magic:  8/8        EV: 17    Int:  9    God:    Ru [***...]
Gold:   194        SH:  0    Dex: 17    Spells: 6/6 levels left

rFire    . . .     SeeInvis .   a - +0 long sword
rCold    . . .     Gourm    .   (shield unavailable)
rNeg     . . .     Faith    .   b - +0 ring mail
rPois    .         Spirit   .   c - +0 hat
rElec    .         Reflect  .   (no cloak)
rCorr    .         Harm     .   (no gloves)
MR       +....                  (boots unavailable)
Stlth    +.........             q - amulet of the acrobat
HPRegen  0.14/turn              (ring unavailable)
MPRegen  0.11/turn              p - ring of protection from magic

@: flying quickly and evasively, quick
A: beak, talons 3, missing a hand, able to fly
a: Stop Flying, Draw Out Power, Renounce Religion


You were on level 5 of the Dungeon.
You worshipped Ru.
Ru was most pleased with you.
You were very hungry.

You visited 1 branch of the dungeon, and saw 5 of its levels.

You collected 194 gold pieces.

Inventory:

Hand Weapons
 a - a +0 long sword (weapon)
Missiles
 d - 3 throwing nets (quivered)
 n - 4 poisoned darts
Armour
 b - a +0 ring mail (worn)
 c - a +0 hat (worn)
Jewellery
 j - an uncursed ring of fire
 k - a cursed -5 ring of dexterity
 p - a ring of protection from magic (right hand)
 q - an amulet of the acrobat (around neck)
Scrolls
 e - 5 scrolls of identify {unknown}
 g - 2 scrolls of amnesia {unknown}
 h - a scroll of teleportation {unknown}
 i - 4 scrolls of remove curse {unknown}
 l - 2 scrolls of enchant armour {unknown}
 r - 3 scrolls of noise {unknown}
Potions
 m - a potion of invisibility
 o - a potion of magic {unknown}
 t - a potion of resistance {unknown}
 u - a potion of degeneration {unknown}
Comestibles
 f - 8 rations
 s - 2 chunks of flesh


   Skills:
 + Level 4.7 Fighting
 + Level 5.9 Long Blades
 - Level 2.0 Throwing
 + Level 5.9 Dodging


You had 6 spell levels left.
You didn't know any spells.
Your spell library contained the following spells:

 Spells                   Type           Power        Failure   Level  Hunger
 Magic Dart               Conj           #...         63%         1    ##.....
 Searing Ray              Conj           #.....       77%         2    ###....
 Dazzling Spray           Conj/Hex       #.....       94%         3    ####...
 Force Lance              Conj/Tloc      #.......     100%        4    #####..
 Fulminant Prism          Conj/Hex       #.........   100%        4    #####..
 Iskenderun's Mystic Bla  Conj           #.......     100%        4    #####..


Dungeon Overview and Level Annotations

Branches:
Dungeon (5/15)             Temple (0/1) D:4

Altars:
Ru
Uskayaw
Wu Jian
Xom

Annotations:
D:5 Pikel


Innate Abilities, Weirdness & Mutations

You have a beak for a mouth.
You have claws for feet.
You are missing a hand.
You can fly continuously.


Message History

Unknown command.
You closely miss Pikel. You peck Pikel, but do no damage.
Pikel is moderately wounded.
Pikel misses you.
You hit Pikel but do no damage. Your kick misses Pikel.
Pikel is moderately wounded.
Pikel is stunned by your will and fails to attack.
You hit Pikel but do no damage. Your kick misses Pikel. Your peck misses Pikel.
Pikel is moderately wounded.
Pikel closely misses you.
You barely miss Pikel. Your kick misses Pikel.
Pikel is moderately wounded.
Pikel hits you with a +1 whip of electrocution.
You are electrocuted!!
* * * LOW HITPOINT WARNING * * *
Unknown command.
You miss Pikel. You claw Pikel. You peck Pikel, but do no damage.
Pikel is heavily wounded.
Pikel hits you with a +1 whip of electrocution.
You die...

..## .# ..§. .# #
###.#####.####.##
####.§...........
.
#....§.......#.#
.#
#.##.##.###...#
#. #<##.# #..#.#.
#r##>###..##?#
#.##p.§.p.##@#
#......##p##K#
#####..†.p##p#
##.##K.pp# #
#...## ##..# #..#
.... ##..##


You could see Pikel and 3 slaves.

Vanquished Creatures
  Sigmund (D:2)
  A phantom (D:3)
  A slave (D:5)
  A scorpion (D:2)
  A crimson imp (D:5)
  An iguana (D:3)
  4 worker ants
  5 adders
  A shadow imp (D:5)
  2 worms (D:2)
  4 dart slugs
  3 leopard geckos
  An orc (D:4)
  3 ball pythons
  5 bats
  7 giant cockroaches
  11 goblins
  8 hobgoblins
  4 jackals (D:2)
  4 quokkas
  5 frilled lizards
  7 kobolds
  12 rats
92 creatures vanquished.

Notes
Turn   | Place    | Note
-------+----------+-------------------------------------------
     0 | D:1      | Arum the Tengu Gladiator began the quest for the Orb.
     0 | D:1      | Reached XP level 1. HP: 12/12 MP: 2/2
    67 | D:1      | Reached XP level 2. HP: 6/17 MP: 3/3
   456 | D:1      | Reached XP level 3. HP: 7/22 MP: 4/4
   970 | D:2      | Reached XP level 4. HP: 3/27 MP: 5/5
   971 | D:2      | HP: 2/40 [poisoned by an adder]
  1441 | D:2      | Gained mutation: You can fly continuously. [Tengu growth]
  1441 | D:2      | Reached XP level 5. HP: 16/32 MP: 6/6
  1728 | D:2      | Noticed Sigmund
  1758 | D:2      | Killed Sigmund
  1758 | D:2      | Reached skill level 5 in Long Blades
  1758 | D:2      | Reached skill level 5 in Dodging
  1758 | D:2      | Reached XP level 6. HP: 25/38 MP: 7/7
  1998 | D:2      | Found a shimmering altar of Xom.
  2353 | D:3      | Noticed a +0 dagger
  2353 | D:3      | Noticed a +0 dagger
  2355 | D:3      | Found a hide-covered altar of Uskayaw.
  2627 | D:3      | Found a sacrificial altar of Ru.
  2634 | D:3      | Became a worshipper of Ru the Awakened
  2673 | D:3      | Noticed a phantom
  2690 | D:3      | Killed a phantom
  3172 | D:3      | Reached XP level 7. HP: 21/44 MP: 8/8
  3481 | D:4      | Found a staircase to the Ecumenical Temple.
  4080 | D:5      | Entered Level 5 of the Dungeon
  4082 | D:5      | Found an ornate altar of the Wu Jian Council.
  4085 | D:5      | Noticed Pikel
  4115 | D:5      | Gained mutation: You are missing a hand. [Ru sacrifice]
  4115 | D:5      | Reached * piety under Ru
  4115 | D:5      | Reached ** piety under Ru
  4115 | D:5      | Reached *** piety under Ru
  4124 | D:5      | Slain by Pikel

Levels and vault maps discovered:
D:1:      dpeg_arrival_lava_temple_mockup, layout_rooms
D:2:      layout_loops_ring, lemuel_round_altar, uniq_sigmund
D:3:      layout_basic, dancing_weapons_uskayaw, lemuel_round_altar,
          kennysheep_generic_room_16
D:4:      layout_basic, minmay_temple_entry_drinking_statues
D:5:      layout_loops_ring, nicolae_overflow_crystal_walls,
          kennysheep_little_box, first_ration,
          minmay_a_box_with_orc_wizards_in_it, uniq_eustachio, uniq_pikel

Skill      XL: |  1  2  3  4  5 |
---------------+----------------+-----
Long Blades    | 4 5 |  5.9
Dodging        | 4 5 |  5.9
Fighting       | 3 4 |  4.7
Throwing       | |  2.0

Action                   |  1- 3 |  4- 6 |  7- 9 || total
-------------------------+-------+-------+-------++-------
Melee: Long sword        |    97 |    94 |    40 ||   231
       Kick              |    25 |    25 |    16 ||    66
       Peck              |     5 |    16 |    10 ||    31
Invok: Sacrifice a Hand  |       |       |     1 ||     1
 Abil: Fly               |       |     1 |       ||     1
  Use: Potion            |     2 |       |       ||     2
 Stab: Invisible         |     6 |       |       ||     6
  Eat: Chunk             |       |     7 |     2 ||     9
Armor: Leather armour    |    26 |    12 |     2 ||    40
       Skin              |    21 |     6 |       ||    27
       Ring mail         |       |       |     1 ||     1
Dodge: Dodged            |    56 |    75 |    37 ||   168
       Rpst.: Long sword |    12 |    28 |    20 ||    60
